Map: [TLMC21] Tourmaline

Players

Kinpach

  • Race: Terran Terran
  • League: Master
  • Spawn Location: 7:00

SpeCial - Winner!

  • Race: Terran Terran
  • League: Grandmaster
  • Spawn Location: 1:00

VOD

Have the link to the VOD?

Description

Time

  • Played on: Oct. 12, 2025, 12:19 p.m.
  • Length: 3:57
Show
View Real Time Build Order
Export as new Build Order

Kinpach Terran 

Build Orders:  

Get SALT Encoding   

  12  0:00  SCV  
  13  0:12  SCV  
  14  0:16  Supply Depot  
  14  0:24  SCV  
  15  0:38  SCV  
  15  0:39  Barracks  
  16  0:43  Refinery  
  16  0:53  Supply Depot  
  16  1:01  Barracks  
  16  1:14  Barracks  
  16  1:23  Refinery  
  16  1:29  Reaper  
  17  1:46  Barracks  
  17  1:53  Reaper  
  18  2:01  Reaper  
  19  2:07  Reaper  
  20  2:25  Reaper  
  21  2:33  Reaper x2  
  22  2:42  Reaper  
  23  2:53  Orbital Command  
  23  2:57  Reaper  
  24  3:05  Reaper  
  25  3:09  Reaper  
  26  3:18  Reaper  
  27  3:23  Supply Depot  
  27  3:33  SCV  
Show
View Real Time Build Order
Export as new Build Order

SpeCial Terran - Winner!

Build Orders: Reaper Expand 

Get SALT Encoding   

  12  0:00  SCV  
  13  0:12  SCV  
  14  0:16  Supply Depot  
  14  0:24  SCV  
  15  0:38  SCV  
  15  0:39  Barracks  
  16  0:43  Refinery  
  16  0:50  SCV  
  17  1:02  SCV  
  18  1:14  SCV  
  19  1:28  Reaper, Orbital Command  
  20  1:41  Command Center  
  20  1:49  Supply Depot  
  20  1:55  SCV  
  20  1:59  Marine  
  22  2:08  Factory  
  22  2:09  SCV  
  23  2:19  Refinery  
  23  2:22  SCV, Barracks Reactor  
  24  2:29  Bunker  
  24  2:33  Bunker  
  24  2:34  SCV  
  25  2:46  SCV  
  26  2:51  Hellion  
  26  2:53  Starport  
  26  2:56  Orbital Command  
  28  3:00  Marine  
  28  3:01  Marine  
  28  3:04  SCV  
  31  3:14  Factory Tech Lab  
  31  3:16  SCV  
  31  3:19  Marine x2  
  34  3:22  SCV  
  35  3:28  SCV  
  35  3:34  SCV  
  37  3:38  Marine x2  
  37  3:40  SCV  
Tags
 
Add a new tag
Caveats
  • Supply blocks, unpowered buildings, or Contaminate may cause inaccurate times.
  • Supply counts are checked every 10 seconds.